Map: Abyssal Reef LE

Players

ShoWTimE - Winner!

  • Race: Protoss Protoss
  • League: Grandmaster
  • Spawn Location: 5:00

Namshar

  • Race: Zerg Zerg
  • League: Grandmaster
  • Spawn Location: 11:00

Event: HomeStory Cup XVI

VOD

Have the link to the VOD?

Description

Time

  • Played on: Nov. 11, 2017, 9:12 a.m.
  • Length: 8:27

All games in this series

Show
View Real Time Build Order
Export as new Build Order

ShoWTimE Protoss - Winner!

Build Orders: 1 Gate Expand, Oracle Opening, Phoenix Opening 

Get SALT Encoding   

  1  0:00  Probe (Chrono Boost)  
  12  0:04  Probe (Chrono Boost)  
  14  0:18  Pylon  
  14  0:23  Probe (Chrono Boost)  
  15  0:38  Gateway, Probe (Chrono Boost)  
  16  0:43  Assimilator  
  17  0:50  Probe (Chrono Boost)  
  17  0:59  Probe (Chrono Boost)  
  18  1:05  Probe (Chrono Boost)  
  19  1:16  Probe (Chrono Boost)  
  20  1:26  Nexus  
  20  1:36  Cybernetics Core  
  21  1:41  Probe (Chrono Boost)  
  21  1:43  Assimilator  
  21  1:53  Probe (Chrono Boost), Pylon  
  22  2:02  Adept  
  22  2:05  Probe (Chrono Boost)  
  25  2:17  Probe (Chrono Boost)  
  26  2:23  Stargate  
  26  2:29  Probe (Chrono Boost)  
  27  2:33  Warp Gate  
  27  2:36  Adept  
  29  2:38  Probe (Chrono Boost)  
  29  2:42  Probe (Chrono Boost)  
  31  2:44  Probe (Chrono Boost)  
  32  2:54  Probe x2 (Chrono Boost)  
  34  2:59  Phoenix  
  36  3:06  Probe x2 (Chrono Boost)  
  38  3:16  Pylon  
  38  3:18  Probe x2 (Chrono Boost)  
  40  3:24  Oracle  
  43  3:30  Probe x2 (Chrono Boost)  
  45  3:36  Gateway  
  45  3:38  Gateway  
  47  3:42  Probe x2 (Chrono Boost)  
  47  3:44  Pylon  
  47  3:48  Probe (Chrono Boost)  
  47  3:49  Assimilator  
  47  3:54  Probe (Chrono Boost)  
  49  3:56  Probe (Chrono Boost)  
  49  3:57  Twilight Council  
  49  4:01  Adept  
  52  4:06  Probe (Chrono Boost), Resonating Glaives  
  52  4:07  Pylon  
  52  4:08  Probe (Chrono Boost)  
  54  4:22  Probe (Chrono Boost)  
  54  4:23  Probe (Chrono Boost)  
  56  4:31  Nexus  
  56  4:33  Pylon  
  56  4:34  Probe (Chrono Boost)  
  57  4:42  Adept x2  
  57  4:43  Adept  
  64  4:46  Probe (Chrono Boost)  
  64  4:47  Shield Battery  
  64  4:50  Pylon  
  64  4:54  Shield Battery  
  64  4:57  Probe (Chrono Boost)  
  64  4:58  Probe (Chrono Boost)  
  66  5:04  Adept x2, Shield Battery  
  70  5:12  Adept  
  70  5:13  Probe x2 (Chrono Boost)  
  74  5:17  Pylon  
  74  5:22  Shield Battery  
  74  5:24  Pylon  
  74  5:27  Stalker x2  
  78  5:33  Stalker  
  80  5:46  Pylon  
  80  5:48  Probe (Chrono Boost)  
  80  5:49  Shield Battery  
  81  5:50  Adept  
  81  5:51  Adept  
  81  5:55  Probe x2 (Chrono Boost)  
  85  5:57  Assimilator  
  85  5:58  Robotics Facility  
  85  6:03  Adept  
  87  6:04  Probe (Chrono Boost)  
  87  6:05  Probe (Chrono Boost)  
  87  6:10  Probe (Chrono Boost)  
  87  6:11  Probe (Chrono Boost)  
  87  6:13  Probe (Chrono Boost)  
  90  6:20  Forge  
  90  6:21  Probe (Chrono Boost)  
  90  6:23  Probe (Chrono Boost)  
  90  6:25  Probe (Chrono Boost)  
  93  6:26  Adept x3  
  99  6:37  Probe x3 (Chrono Boost)  
  100  6:48  Adept x3  
  100  6:49  Probe x3 (Chrono Boost)  
  83  6:56  Gateway  
  83  6:57  Gateway  
  83  7:01  Gateway  
  83  7:07  Gateway  
  82  7:08  Gateway  
  82  7:10  Sentry x2  
  82  7:11  Gateway, Sentry  
  82  7:13  Pylon  
  91  7:16  Probe x3 (Chrono Boost)  
  91  7:21  Assimilator  
  90  7:24  Shield Battery  
  90  7:25  Assimilator  
  90  7:26  Templar Archives  
  90  7:29  Shield Battery  
  90  7:33  Adept, Pylon  
  90  7:34  Adept x2  
  96  7:38  Shield Battery  
  96  7:40  Pylon  
  96  7:41  Observer  
  96  7:42  Pylon  
  93  7:53  Adept  
  93  7:54  Adept  
  93  7:57  Adept  
  95  8:08  Adept x3  
  93  8:15  Adept x2  
  93  8:16  Adept x2  
  93  8:17  Adept  
  95  8:20  Pylon  
Show
View Real Time Build Order
Export as new Build Order

Namshar Zerg 

Build Orders: Hatch First 

Get SALT Encoding   

  12  0:00  Drone  
  13  0:12  Overlord  
  13  0:17  Drone  
  14  0:30  Drone  
  15  0:45  Hatchery  
  15  0:48  Drone  
  15  0:52  Drone  
  15  0:55  Drone  
  17  0:59  Drone  
  18  1:09  Extractor  
  17  1:16  Spawning Pool  
  16  1:20  Drone  
  16  1:24  Drone  
  18  1:31  Drone  
  19  1:42  Overlord  
  19  1:52  Drone  
  20  2:03  Queen x2  
  20  2:04  Zergling x4  
  26  2:09  Metabolic Boost  
  26  2:13  Drone  
  27  2:16  Drone  
  27  2:21  Drone  
  29  2:25  Drone  
  30  2:42  Hatchery  
  29  2:47  Pneumatized Carapace  
  29  2:48  Drone  
  30  2:55  Overlord  
  30  2:56  Drone  
  30  2:58  Drone  
  32  3:01  Drone  
  32  3:03  Drone  
  34  3:12  Queen  
  34  3:16  Drone x2  
  34  3:17  Drone  
  34  3:19  Drone  
  40  3:23  Overlord  
  40  3:26  Drone x2  
  42  3:36  Overlord  
  42  3:37  Drone x2  
  44  3:45  Queen  
  44  3:47  Spore Crawler, Drone  
  44  3:48  Drone x2  
  48  3:51  Spore Crawler  
  48  3:54  Overlord  
  47  3:57  Evolution Chamber  
  47  4:00  Queen  
  48  4:04  Spore Crawler  
  47  4:18  Zergling x6  
  47  4:20  Overlord x2  
  47  4:21  Queen  
  52  4:31  Overlord  
  52  4:32  Queen  
  54  4:44  Zerg Melee Weapons Level 1  
  54  4:51  Overlord  
  54  4:53  Zergling x16  
  62  5:04  Zergling x12  
  68  5:10  Queen  
  70  5:19  Overlord  
  71  5:21  Zergling x8  
  74  5:30  Overlord  
  74  5:39  Baneling Nest  
  68  5:45  Zergling x2  
  68  5:46  Zergling x18  
  78  5:55  Zergling x8  
  78  5:56  Zergling x4  
  77  6:00  Zergling x2  
  68  6:07  Zergling x2  
  68  6:08  Zergling x2  
  68  6:10  Zergling x2  
  65  6:17  Zergling x2  
  65  6:20  Zergling x4  
  67  6:26  Baneling x2  
  67  6:27  Baneling x8  
  67  6:30  Baneling  
  67  6:32  Overlord  
  67  6:33  Zergling x8  
  67  6:34  Zergling x6  
  74  6:44  Zergling x12  
  68  6:50  Zergling x2  
  64  6:58  Baneling x2  
  64  6:59  Baneling  
  63  7:07  Zergling x6  
  63  7:08  Zergling x16  
  71  7:12  Baneling  
  70  7:20  Zergling x2  
  70  7:21  Zergling x8  
  71  7:33  Overlord  
  71  7:34  Zergling x10  
  77  7:37  Zergling x8  
  77  7:39  Baneling  
  77  7:40  Baneling x2  
  74  7:54  Zergling x2  
  74  7:55  Zergling x12  
  75  8:00  Zergling x2  
  75  8:01  Zergling x6  
  68  8:07  Zergling x6  
Tags
 
Add a new tag
Caveats
  • Supply blocks, unpowered buildings, or Contaminate may cause inaccurate times.
  • Supply counts are checked every 10 seconds.